[Event "Early-Titled-Tuesday-Blitz-August-29-2023"]
[Site "Chess.com"]
[Date "2023.08.29"]
[Round "9"]
[White "JoliyRoger"]
[Black "Kostukov_Alex"]
[Result "0-1"]
[WhiteElo "2480"]
[BlackElo "2384"]
[TimeControl "180+1"]
[EndTime "9:42:00 PDT"]
[Termination "Kostukov_Alex won on time"]

1. Nf3 g6 2. d4 Bg7 3. c4 d6 4. Nc3 e5 5. d5 f5 6. e4 Nf6 7. Bd3 O-O 8. h3 Na6 9. Be3 c6 10. a3 cxd5 11. cxd5 fxe4 12. Nxe4 Nxe4 13. Bxe4 Bf5 14.
Nd2 Rc8 15. O-O Nc5 16. Bxc5 Rxc5 17. Qe2 Qh4 18. Rac1 Rfc8 19. Rxc5 Rxc5 20. Re1 Bh6 21. Bxf5 gxf5 22. Nf3 Qc4 23. Qd1 Rxd5 24. Qb1 e4 25. Nh2 Rd2 26. Nf1 Rc2 27. Qd1 Rc1 28. Qe2 Qxe2 29. Rxe2 d5 30. g3 d4 0-1

[Event "Early-Titled-Tuesday-Blitz-August-29-2023"]
[Site "Chess.com"]
[Date "2023.08.29"]
[Round "9"]
[White "Road2GM3000"]
[Black "Goi_Manne"]
[Result "1-0"]
[WhiteElo "2429"]
[BlackElo "2314"]
[TimeControl "180+1"]
[EndTime "9:42:05 PDT"]
[Termination "Road2GM3000 won on time"]

1. d4 d5 2. c4 e6 3. cxd5 exd5 4. Nc3 Nf6 5. Bg5 Be7 6. e3 h6 7. Bh4 O-O 8. Bd3 c6 9. Qc2 Nbd7 10. Nf3 Re8 11.
O-O Nf8 12. Ne5 a5 13. f4 N8d7 14. Rf3 Nxe5 15. fxe5 Nd7 16. Bxe7 Qxe7 17. Raf1 f6 18. Bh7+ Kh8 19. Bg6 Rf8 20. Qf5 b5 21. Qh5 b4 22.
Na4 Ba6 23. R1f2 fxe5 24. Rf7 Rxf7 25. Rxf7 Rf8 26. h3 Rxf7 27. Bxf7 exd4 28. exd4 1-0

[Event "Early-Titled-Tuesday-Blitz-August-29-2023"]
[Site "Chess.com"]
[Date "2023.08.29"]
[Round "9"]
[White "Aswathchess"]
[Black "AdvanceGuard4"]
[Result "1-0"]
[WhiteElo "2536"]
[BlackElo "2633"]
[TimeControl "180+1"]
[EndTime "9:42:06 PDT"]
[Termination "Aswathchess won by resignation"]

1. e4 c6 2. d4 d5 3. Nc3 dxe4 4. Nxe4 Bf5 5. Ng3 Bg6 6. h4 h6 7. Nf3 e6 8. Ne5 Bh7 9. Qh5 Qc7 10. Bc4 Nf6 11. Qe2 Bd6 12. Bf4 Nd5 13. Bd2 Nd7 14.
Nh5 Bxe5 15. dxe5 Qxe5 16. Qxe5 Nxe5 17. Nxg7+ Kf8 18. Bxd5 exd5 19. Bxh6 Bxc2 20. Nf5+ Ke8 21. Bg7 Rh5 22. Ne3 Be4 23. f3 Nd3+ 24. Kd2 Bg6 25.
g4 Rh7 26. Bf6 Nf4 27. h5 Bxh5 28. gxh5 Rxh5 29. Rxh5 Nxh5 30. Rh1 1-0

[Event "Early-Titled-Tuesday-Blitz-August-29-2023"]
[Site "Chess.com"]
[Date "2023.08.29"]
[Round "9"]
[White "AndresDelgado77"]
[Black "ajedrezhoy"]
[Result "0-1"]
[WhiteElo "2265"]
[BlackElo "2421"]
[TimeControl "180+1"]
[EndTime "9:42:07 PDT"]
[Termination "ajedrezhoy won on time"]

1. e4 Nf6 2. e5 Nd5 3. d4 d6 4.
Bc4 Nb6 5. Bb3 dxe5 6. Qh5 e6 7. dxe5 Nc6 8. Nf3 g6 9. Qg4 Bg7 10. Qg3 O-O 11. Bg5 Qe8 12. Nc3 Nd7 13. Nb5 Ndxe5 14. Nxc7 Nxf3+ 15. Qxf3 Nd4 16. Qe4 Qd7 17. Nxa8 Nxb3 18. axb3 Bxb2 19. Rxa7 Bc3+ 20. Ke2 Qb5+ 21. Qd3 Qxg5 22. Qxc3 Qxg2 23. Qf3 Qg5 24. c4 e5 25. h3 Bf5 26. Nb6 Qh4 27. Rg1 Qd4 28. Qe3 Qb2+ 29. Kf3 Bxh3 0-1

[Event "Early-Titled-Tuesday-Blitz-August-29-2023"]
[Site "Chess.com"]
[Date "2023.08.29"]
[Round "9"]
[White "gm_rashid"]
[Black "dennisodessa"]
[Result "0-1"]
[WhiteElo "2381"]
[BlackElo "2536"]
[TimeControl "180+1"]
[EndTime "9:42:10 PDT"]
[Termination "dennisodessa won on time"]

1. e4 e6 2. d4 d5 3. Nc3 Bb4 4. exd5 exd5 5. Bd3 Nf6 6. Ne2 O-O 7. O-O Bg4 8. f3 Bh5 9. Bg5 c6 10. Nf4 Bg6 11.
Nxg6 hxg6 12. Ne2 Nbd7 13. c3 Be7 14. Qc2 Re8 15. Nf4 Nh7 16. Bxe7 Qxe7 17. Rae1 Qxe1 18.
Rxe1 Rxe1+ 19. Kf2 Re7 20. h3 Rae8 21. Kg3 Nhf6 22.
a4 Nh5+ 23. Nxh5 gxh5 24. Kh4 Nf6 25. b4 a6 26. b5 axb5 27. axb5 cxb5 28. Bxb5 Rc8 29.
g4 hxg4 30. hxg4 Re3 31. Qf5 Rcxc3 32. Kg3 Rxf3+ 33. Qxf3 Rxf3+ 34. Kxf3 Kf8 35. Kf4 Ke7 36. g5 Nd7 37. Ba4 Kd6 38. Bb5 Nf8 39. Kf5 Ne6 40. Be8 Nxd4+ 41. Kf4 f6 0-1

[Event "Early-Titled-Tuesday-Blitz-August-29-2023"]
[Site "Chess.com"]
[Date "2023.08.29"]
[Round "9"]
[White "Aleksandar-Topalov"]
[Black "brm72"]
[Result "0-1"]
[WhiteElo "2366"]
[BlackElo "2565"]
[TimeControl "180+1"]
[EndTime "9:42:11 PDT"]
[Termination "brm72 won by resignation"]

1. b3 e5 2. Bb2 e4 3. c4 Nf6 4. Nc3 Nc6 5. e3 Bc5 6. a3 a5 7.
Qc2 Qe7 8. Nd5 Nxd5 9. cxd5 Na7 10. Bxg7 Rg8 11. Bb2 d6 12. Ne2 Bf5 13. Nf4 O-O-O 14. b4 axb4 15. axb4 Bb6 16. Qc4 Kb8 17. Bd4 Bxd4 18.
Qxd4 Nc8 19. Qc3 Qe5 20. Qa3 Nb6 21. Bb5 c6 22. Qa7+ Kc7 23. Bxc6 Rb8 24. Ra6 Nc8 25. b5 Nxa7 26. Rxa7 Kb6 0-1

[Event "Early-Titled-Tuesday-Blitz-August-29-2023"]
[Site "Chess.com"]
[Date "2023.08.29"]
[Round "9"]
[White "tk22h"]
[Black "Miguelitro69"]
[Result "1-0"]
[WhiteElo "2424"]
[BlackElo "2291"]
[TimeControl "180+1"]
[EndTime "9:42:12 PDT"]
[Termination "tk22h won by resignation"]

1. c4 e5 2. Nc3 Nf6 3. Nf3 Nc6 4. g3 d5 5. cxd5 Nxd5 6. Bg2 Nb6 7. O-O Be7 8. b3 O-O 9. Bb2 Be6 10. Rc1 f5 11. d3 Bf6 12. e4 f4 13. Nd5 Nxd5 14. exd5 Bxd5 15. Re1 Qd6 16. Qc2 Rad8 17. Qc5 fxg3 18.
hxg3 Bxf3 19. Qxd6 cxd6 20. Bxf3 Bg5 21. Bd5+ Kh8 22.
Rc4 a5 23. Bxc6 bxc6 24. Rxc6 h5 25. d4 Rc8 26. Rxc8 Rxc8 27. dxe5 dxe5 28. Rxe5 Bd2 29. Rxh5+ Kg8 30. Rd5 Rc2 31. Bd4 Rxa2 32. Rd7 g5 33. Kg2 Kf8 34. Kf3 Ke8 35. Rd5 Kf7 36. Rb5 Ke6 37.
Kg4 Be1 38. Rxg5 Bxf2 39. Bxf2 Rxf2 40. Rxa5 Rb2 41. Rb5 Kd6 42. Kf4 Kc6 43. Rb8 Kc7 44.
Rb4 Kc6 45. g4 Kc5 46. Rb8 Kd6 47. Kf5 Rf2+ 48. Kg6 Ke6 49. g5 Rg2 50. Re8+ Kd7 51. Re3 Rg4 52. Kf5 Rb4 53. g6 Rb5+ 54. Kf6 Rb8 55. g7 Rg8 56. Kf7 Rxg7+ 57. Kxg7 1-0

[Event "Early-Titled-Tuesday-Blitz-August-29-2023"]
[Site "Chess.com"]
[Date "2023.08.29"]
[Round "9"]
[White "alturas_pacificas"]
[Black "vladgoncharov"]
[Result "0-1"]
[WhiteElo "2388"]
[BlackElo "2554"]
[TimeControl "180+1"]
[EndTime "9:42:14 PDT"]
[Termination "vladgoncharov won on time"]

1. d4 Nf6 2. Bf4 c5 3. c3 Qb6 4. Qb3 cxd4 5. Qxb6 axb6 6. cxd4 Nc6 7. e3 Nb4 8. Kd1 Nxa2 9. Na3 Nb4 10. Bb5 Nh5 11. Ne2 Nxf4 12. Nxf4 e6 13. Ke2 Bd6 14. Rhc1 Ke7 15.
Nc4 Rxa1 16. Rxa1 Bc7 17. Ra8 Rd8 18. Nd3 Nxd3 19. Kxd3 d5 20. Na3 e5 21. Kd2 exd4 22.
exd4 Bxh2 23. g3 h5 24. Ke3 h4 25. gxh4 Bd6 26. Nc2 Rh8 27. Ne1 Kd8 28. Nf3 Kc7 29.
Bd3 f6 30. Ra1 Re8+ 31. Kd2 Bf4+ 32. Kc3 Bg4 0-1

[Event "Early-Titled-Tuesday-Blitz-August-29-2023"]
[Site "Chess.com"]
[Date "2023.08.29"]
[Round "9"]
[White "skkeyan1309"]
[Black "jcibarra"]
[Result "1-0"]
[WhiteElo "2736"]
[BlackElo "2870"]
[TimeControl "180+1"]
[EndTime "9:42:17 PDT"]
[Termination "skkeyan1309 won by resignation"]

1. d4 Nf6 2. c4 d6 3. Nf3 g6 4.
Nc3 Bf5 5. g3 Ne4 6. Bg2 Nxc3 7.
bxc3 Be4 8. O-O Bg7 9. Bg5 h6 10.
Bf4 O-O 11. h4 c5 12. Qd2 Kh7 13. h5 Nc6 14. Be3 Bxf3 15. Bxf3 g5 16. Rfd1 Na5 17.
Rac1 f5 18. Qd3 Rc8 19. Bd5 Rf6 20.
Qb1 e6 21. Bxe6 Rc7 22. dxc5 Rc6 23. Bxf5+ Kh8 24. Be4 Nxc4 25. Bd4 d5 26. Bxd5 Qf8 27. Bxc6 Rxc6 28. Bxg7+ Kxg7 29. Qxb7+ 1-0

[Event "Early-Titled-Tuesday-Blitz-August-29-2023"]
[Site "Chess.com"]
[Date "2023.08.29"]
[Round "9"]
[White "Sunny_Star"]
[Black "CraiggoryC"]
[Result "0-1"]
[WhiteElo "2068"]
[BlackElo "2193"]
[TimeControl "180+1"]
[EndTime "9:42:19 PDT"]
[Termination "CraiggoryC won on time"]

1. e4 e6 2. d4 d5 3. Nc3 Bb4 4. e5 c5 5. a3 Bxc3+ 6. bxc3 Ne7 7. Qg4 Qc7 8. Qxg7 Rg8 9. Qxh7 cxd4 10.
Ne2 Nbc6 11. cxd4 Nxd4 12. Nxd4 Qc3+ 13. Ke2 Qxa1 14. Be3 Bd7 15. g3 Qxa3 16. Bh3 O-O-O 17. Bg2 Nc6 18. Nxc6 Bxc6 19. Qxf7 Bb5+ 20. Kd2 Qa5+ 21. Kd1 Qa1+ 22. Kd2 Qxe5 23. Bh3 Rge8 24. Rb1 Ba6 0-1

[Event "Early-Titled-Tuesday-Blitz-August-29-2023"]
[Site "Chess.com"]
[Date "2023.08.29"]
[Round "9"]
[White "Cherneevo_23"]
[Black "Irina_Mikhaylova"]
[Result "1/2-1/2"]
[WhiteElo "2415"]
[BlackElo "2295"]
[TimeControl "180+1"]
[EndTime "9:42:22 PDT"]
[Termination "Game drawn by repetition"]

1. Nf3 Nf6 2. c4 g6 3. Nc3 d5 4. cxd5 Nxd5 5. e4 Nxc3 6. dxc3 Qxd1+ 7. Kxd1 f6 8. Bc4 e5 9. Be3 Bd6 10. Nd2 Ke7 11. Kc2 Be6 12. Bxe6 Kxe6 13. Nc4 Nc6 14. a4 Rhd8 15. b4 Ne7 16. b5 a6 17. Rhb1 axb5 18.
axb5 b6 19. Kb3 f5 20. f3 f4 21. Bf2 g5 22. Nxd6 Kxd6 23. c4 Rxa1 24. Rxa1 Rd7 25. c5+ bxc5 26. Kc4 Ke6 27. Ra6+ Kf7 28. Kc3 Ng6 29.
Ra7 Ke6 30. Bxc5 Nh4 31. Ra6+ Kf7 32. Ra2 h5 33. Ra7 Ke6 34. Ra8 Nxg2 35. Re8+ Kf6 36. Rf8+ Kg6 37. Rg8+ Kf6 38. Rf8+ Kg6 39. Rg8+ Kf6 40.
Rf8+ 1/2-1/2

[Event "Early-Titled-Tuesday-Blitz-August-29-2023"]
[Site "Chess.com"]
[Date "2023.08.29"]
[Round "9"]
[White "FARIZA2018"]
[Black "benny_aizenberg"]
[Result "0-1"]
[WhiteElo "2530"]
[BlackElo "2667"]
[TimeControl "180+1"]
[EndTime "9:42:23 PDT"]
[Termination "benny_aizenberg won by resignation"]

1. Nf3 Nc6 2. g3 e5 3. Nc3 d5 4. d3 Bb4 5. Bd2 Nf6 6. Bg2 O-O 7. O-O h6 8. Re1 e4 9. Nh4 g5 10. dxe4 dxe4 11. Nxe4 Nxe4 12. Bxb4 Qxd1 13. Rexd1 Nxb4 14. Bxe4 gxh4 15. gxh4 Re8 16. Bf3 Bf5 17. c3 Nc6 18. Kh1 Ne5 19. Rg1+ Kf8 20. Bd5 c6 21. Bb3 Ng4 22.
Rae1 Nxf2+ 23. Kg2 Ng4 24. Kg3 Ne3 25. Kf4 Re4+ 26. Kg3 Rae8 27. h3 Be6 28. Bxe6 R8xe6 29. Kh2 Rxh4 30. Rg3 Rf4 31. Reg1 Nf1+ 32. Rxf1 Rxf1 0-1

[Event "Early-Titled-Tuesday-Blitz-August-29-2023"]
[Site "Chess.com"]
[Date "2023.08.29"]
[Round "9"]
[White "Eternauta2400"]
[Black "shimastream"]
[Result "0-1"]
[WhiteElo "2794"]
[BlackElo "2916"]
[TimeControl "180+1"]
[EndTime "9:42:25 PDT"]
[Termination "shimastream won by resignation"]

1. c4 g6 2. Nc3 Bg7 3. g3 e6 4. Bg2 Ne7 5. d4 d5 6. Nf3 Nbc6 7. cxd5 exd5 8. O-O O-O 9. Bf4 Bg4 10.
e3 Qd7 11. Rc1 Rac8 12. a3 h5 13. b4 a6 14. Na4 b6 15. Qb3 Bxf3 16. Bxf3 Nd8 17.
Nc3 c6 18. e4 Ne6 19. Be3 dxe4 20. Nxe4 Nf5 21. Rfd1 Nfxd4 22. Bxd4 Nxd4 23. Qe3 Rfd8 24. Kg2 Qe6 25. Qf4 Rd7 26. Ng5 Qf6 27. Qxf6 Bxf6 28.
Ne4 Be7 29. Rc4 Rcd8 30. Rdc1 Kg7 31. h4 a5 32. bxa5 b5 33. a4 bxc4 0-1

[Event "Early-Titled-Tuesday-Blitz-August-29-2023"]
[Site "Chess.com"]
[Date "2023.08.29"]
[Round "9"]
[White "RIPOL"]
[Black "le_poisson"]
[Result "1-0"]
[WhiteElo "2441"]
[BlackElo "2325"]
[TimeControl "180+1"]
[EndTime "9:42:25 PDT"]
[Termination "RIPOL won by resignation"]

1. d4 d5 2. c4 c6 3. Nf3 Nf6 4. Nc3 dxc4 5. e3 b5 6. a4 b4 7. Na2 e6 8. Bxc4 Nbd7 9. O-O Bb7 10. Qe2 Be7 11. Bd2 a5 12. Nc1 O-O 13. Nb3 c5 14. Rfd1 Qb6 15. Be1 Rfd8 16. Bb5 Rac8 17. Nfd2 Qa7 18. Nc4 Ne4 19. Nbxa5 Ba8 20. f3 Nd6 21. Nxd6 Bxd6 22. Nc4 Bb8 23. Bf2 Nf6 24. dxc5 Qxc5 25. Rxd8+ Rxd8 26. Rd1 Rc8 27. e4 Qh5 28. Nd6 Bxd6 29. Rxd6 Qe5 30. Qd2 b3 31. Rd8+ Ne8 32. Rxc8 1-0

[Event "Early-Titled-Tuesday-Blitz-August-29-2023"]
[Site "Chess.com"]
[Date "2023.08.29"]
[Round "9"]
[White "ljm509"]
[Black "BashirliSaadat"]
[Result "0-1"]
[WhiteElo "2240"]
[BlackElo "2394"]
[TimeControl "180+1"]
[EndTime "9:42:27 PDT"]
[Termination "BashirliSaadat won by checkmate"]

1. e4 c6 2. d4 d5 3. e5 g6 4.
h4 h5 5. Nf3 Bg4 6. Be2 Bg7 7.
Bg5 Nh6 8. Nbd2 Nf5 9. c3 O-O 10. Nh2 Bxe2 11. Qxe2 f6 12. Bf4 Nxh4 13. g4 Ng2+ 14. Kd1 Nxf4 15. Qf3 fxe5 16. dxe5 h4 17. Kc2 g5 18. Qe3 e6 19. Nhf3 Nd7 20. Rh2 Bh6 21.
Rah1 h3 22. Ng1 Qb6 23. Qe1 Ng2 24. Qe2 Rxf2 25. Rxh3 Rxe2 26. Nxe2 Nh4 27. Nf3 Qf2 28.
R1h2 Qc5 29. Nxh4 gxh4 30. Rxh4 Bg7 31. g5 Nxe5 32. Rg2 Ng6 33. Rh3 Rf8 34. Rhh2 e5 35.
b4 Qe3 36. Kb2 e4 37. Rg3 Rf3 38. Rxf3 exf3 39. Nd4 Bxd4 40. cxd4 Qxd4+ 41. Kb3 f2 42. Rxf2 Qxf2 43. b5 Qe3+ 44. Kb4 Qd4+ 45. Ka5 cxb5 46.
Kxb5 a6+ 47. Ka5 Qc5+ 48. Ka4 Qc4+ 49. Ka3 Ne5 50. g6 Nd3 51. g7 Qb4# 0-1

[Event "Early-Titled-Tuesday-Blitz-August-29-2023"]
[Site "Chess.com"]
[Date "2023.08.29"]
[Round "9"]
[White "Quattroporte300"]
[Black "Dewarfd"]
[Result "1-0"]
[WhiteElo "2411"]
[BlackElo "2196"]
[TimeControl "180+1"]
[EndTime "9:42:27 PDT"]
[Termination "Quattroporte300 won by checkmate"]

1. e4 e5 2. Nf3 Nc6 3. Bc4 Nf6 4. d3 Be7 5. O-O O-O 6. Re1 d6 7. a4 Na5 8. Ba2 c5 9. c3 Bg4 10. h3 Bxf3 11. Qxf3 Nc6 12. Nd2 a6 13. Nf1 b5 14. Ng3 b4 15. Bg5 bxc3 16. bxc3 Rb8 17. Bc4 a5 18. Bb5 Na7 19. c4 Nc8 20. Nf5 Nb6 21. Bd2 Nbd7 22. Qg3 Nh5 23. Qg4 g6 24. Nxe7+ Qxe7 25. Qxd7 Qf6 26. Qg4 Qg7 27. Bxa5 f5 28. exf5 Rxf5 29. Bd2 Rbf8 30. Re2 Nf6 31. Qg3 e4 32.
Rae1 Nh5 33. Qxd6 exd3 34. Qxd3 Qf7 35. Re7 Qf6 36. f3 Ng3 37. Bc3 Qh4 38. Rg7+ Kh8 39.
Rxg6+ R5f6 40. Bxf6+ Rxf6 41. Qd8+ Rf8 42. Qxf8# 1-0

[Event "Early-Titled-Tuesday-Blitz-August-29-2023"]
[Site "Chess.com"]
[Date "2023.08.29"]
[Round "9"]
[White "atalz0"]
[Black "hurricane7791"]
[Result "0-1"]
[WhiteElo "2477"]
[BlackElo "2694"]
[TimeControl "180+1"]
[EndTime "9:42:32 PDT"]
[Termination "hurricane7791 won on time"]

1. d4 Nf6 2. c4 e6 3. Nc3 Bb4 4.
Qc2 d5 5. cxd5 exd5 6. Bf4 c5 7.
dxc5 Nc6 8. e3 O-O 9. Nf3 Bg4 10. Be2 d4 11. O-O-O Bxc3 12. bxc3 Nd5 13. Nxd4 Bxe2 14.
Nxe2 Rc8 15. e4 Nxf4 16. Rxd8 Nxe2+ 17. Qxe2 Nxd8 18. Qb5 Rc7 19. Rd1 Ne6 20. Rd5 Rfc8 21. Kb2 Nxc5 22. f3 b6 23. h4 h6 24. g4 a6 25. Qb4 b5 26. Rxc5 Rxc5 27. Qa5 R5c6 28. g5 Rd6 29. f4 hxg5 30. hxg5 Rc4 31. e5 Rd2+ 32. Kb3 Rd3 33. Qxa6 Rdxc3+ 34. Kb2 b4 35. Qa8+ Kh7 36. Qh1+ Kg6 37. Qf1 Kf5 38. Qb1+ Re4 0-1

[Event "Early-Titled-Tuesday-Blitz-August-29-2023"]
[Site "Chess.com"]
[Date "2023.08.29"]
[Round "9"]
[White "Mesa_1"]
[Black "smilingice"]
[Result "1-0"]
[WhiteElo "2567"]
[BlackElo "2395"]
[TimeControl "180+1"]
[EndTime "9:42:32 PDT"]
[Termination "Mesa_1 won by resignation"]

1. d4 Nf6 2. c4 g6 3. Nc3 Bg7 4. e4 d6 5. Be2 O-O 6. Be3 Na6 7. Nf3 c6 8. O-O e5 9. d5 Ng4 10. Bg5 f6 11. Bh4 h5 12. Ne1 Nh6 13. f3 Nf7 14. a3 c5 15. Nd3 Bh6 16. Bf2 f5 17. b4 b6 18. bxc5 Nxc5 19. Nxc5 dxc5 20. a4 Nd6 21. a5 Rb8 22. axb6 axb6 23. Ra7 Bf4 24. Qb3 Qg5 25. Kh1 Be3 26. Nb5 Bxf2 27. Nxd6 Bd4 28.
Qa4 h4 29. Nxc8 h3 30. gxh3 Rfxc8 31. Qd7 Qh6 32. exf5 Rd8 33. Qe6+ Kh8 34. Bd3 Qxh3 35. Qf6+ 1-0

[Event "Early-Titled-Tuesday-Blitz-August-29-2023"]
[Site "Chess.com"]
[Date "2023.08.29"]
[Round "9"]
[White "joksijoksi"]
[Black "Ariadna_Atreides"]
[Result "1-0"]
[WhiteElo "2465"]
[BlackElo "2226"]
[TimeControl "180+1"]
[EndTime "9:42:34 PDT"]
[Termination "joksijoksi won on time"]

1. d4 Nf6 2. c4 e6 3. a3 b6 4. Nf3 Bb7 5. Nc3 Be7 6. d5 d6 7.
e4 a5 8. h3 e5 9. Bd3 Nbd7 10.
Be3 Nc5 11. Bc2 O-O 12. O-O a4 13. Bxc5 bxc5 14. Bxa4 Ba6 15. Bb5 Bxb5 16. Nxb5 Nxe4 17. Nd2 Nxd2 18. Qxd2 Bg5 19. Qe2 f5 20. b4 cxb4 21. axb4 Bf4 22. Rxa8 Qxa8 23. Nxc7 Qb7 24. Ne6 Qxb4 25.
Nxf8 Kxf8 26. g3 Bg5 27. h4 Bf6 28. Ra1 g6 29. h5 e4 30. Ra8+ Kg7 31. hxg6 hxg6 32.
Qa2 Qe1+ 33. Kg2 e3 34. Ra7+ Kh6 35. fxe3 Qxe3 36. Ra3 Qe4+ 37. Rf3 Bd4 38. Qd2+ g5 39. Qd3 1-0

[Event "Early-Titled-Tuesday-Blitz-August-29-2023"]
[Site "Chess.com"]
[Date "2023.08.29"]
[Round "9"]
[White "KVAIDAN"]
[Black "C_K_G"]
[Result "1-0"]
[WhiteElo "2364"]
[BlackElo "1998"]
[TimeControl "180+1"]
[EndTime "9:42:36 PDT"]
[Termination "KVAIDAN won by resignation"]

1. f4 d5 2. Nf3 c5 3. e3 a6 4.
b3 Nc6 5. Bb2 e6 6. Ne5 Nf6 7.
Be2 Bd6 8. O-O O-O 9. Rf3 Bxe5 10. fxe5 Nd7 11. d4 f6 12. exf6 Rxf6 13. Rg3 cxd4 14. e4 dxe4 15. Bxd4 Nxd4 16. Qxd4 Qb6 17. Qxb6 Nxb6 18. Nc3 Rf4 19. Rg4 e5 20. Rxf4 exf4 21. Nxe4 Bf5 22. Bf3 Re8 23. Nd6 Rf8 24. c4 Bc8 25.
Nxc8 Nxc8 26. Bxb7 Nd6 27. Bxa6 f3 28. gxf3 Rxf3 29.
c5 Nf5 30. Rc1 Nd4 31. c6 Nxc6 32. Rxc6 h6 33. Bc4+ Kh7 34. a4 Re3 35. a5 1-0

[Event "Early-Titled-Tuesday-Blitz-August-29-2023"]
[Site "Chess.com"]
[Date "2023.08.29"]
[Round "9"]
[White "AquivaRubinstein"]
[Black "CSB7"]
[Result "0-1"]
[WhiteElo "2475"]
[BlackElo "2689"]
[TimeControl "180+1"]
[EndTime "9:42:37 PDT"]
[Termination "CSB7 won on time"]

1. d4 Nf6 2. c4 a6 3. Nc3 b5 4.
cxb5 axb5 5. Nxb5 e5 6. dxe5 Ne4 7. Nc3 Bb4 8. Qc2 d5 9. exd6 Bf5 10. Qb3 Nc6 11. Nf3 Qxd6 12. e3 Rb8 13. Qc4 Nxc3 14. bxc3 Be6 15. Qa6 Bxc3+ 16. Bd2 Bxa1 17. Bb5 O-O 18. O-O Rb6 19. Qa4 Bf6 20. Rd1 Qc5 21. Bf1 Rfb8 22. Rc1 Qd6 23. h3 h6 24. e4 Nd4 25. Nxd4 Bxd4 26. Qc2 Rb2 27. Qd1 Bxf2+ 28. Kxf2 Rxd2+ 0-1

[Event "Early-Titled-Tuesday-Blitz-August-29-2023"]
[Site "Chess.com"]
[Date "2023.08.29"]
[Round "9"]
[White "stratacticos"]
[Black "AlexandraSamaganova"]
[Result "1-0"]
[WhiteElo "1852"]
[BlackElo "2317"]
[TimeControl "180+1"]
[EndTime "9:42:38 PDT"]
[Termination "stratacticos won on time"]

1. e4 c5 2. d4 cxd4 3. Nf3 Nf6 4. e5 Nd5 5. Bc4 Nb6 6. Bb3 d6 7. O-O d5 8. Nxd4 e6 9. a4 Nc6 10. a5 Nd7 11. Nxc6 bxc6 12. Bf4 Be7 13. c4 O-O 14. Nc3 Bg5 15. Bg3 Rb8 16. f4 Bh6 17. cxd5 cxd5 18. Nxd5 exd5 19. f5 Nc5 20. Bxd5 Rxb2 21.
Qf3 Rd2 22. Rad1 Bxf5 23. Rxd2 Bxd2 24. Rd1 Bg4 25. Qxg4 Qxd5 26. Bf4 1-0

[Event "Early-Titled-Tuesday-Blitz-August-29-2023"]
[Site "Chess.com"]
[Date "2023.08.29"]
[Round "9"]
[White "JiiHart"]
[Black "ElenaPershina"]
[Result "0-1"]
[WhiteElo "2104"]
[BlackElo "2365"]
[TimeControl "180+1"]
[EndTime "9:42:40 PDT"]
[Termination "ElenaPershina won on time"]

1. e4 c5 2. c3 Nf6 3. e5 Nd5 4. d4 cxd4 5. Nf3 Nc6 6. cxd4 d6 7. Nc3 Nxc3 8. bxc3 dxe5 9. d5 e4 10. dxc6 Qxd1+ 11. Kxd1 exf3 12. Bb5 Kd8 13. Bf4 e5 14. Bxe5 Bc5 15.
c7+ Ke7 16. gxf3 Bxf2 17. Rf1 Bb6 18. Re1 Be6 19. Kc2 Rhc8 20. Bxg7 Rxc7 21. f4 Rc5 22. Bd3 f5 23. Re5 Rxe5 24. Bxe5 Rg8 25. c4 Rg2+ 26. Kb3 Bc5 27. Re1 Rxh2 28. Bb8 Kf7 29. Re5 Bd4 30. Rb5 Rb2+ 31. Ka4 Bd7 32. a3 a6 0-1

[Event "Early-Titled-Tuesday-Blitz-August-29-2023"]
[Site "Chess.com"]
[Date "2023.08.29"]
[Round "9"]
[White "only_strong_moves"]
[Black "Khromkin"]
[Result "1/2-1/2"]
[WhiteElo "2519"]
[BlackElo "2350"]
[TimeControl "180+1"]
[EndTime "9:42:41 PDT"]
[Termination "Game drawn by repetition"]

1. d4 d5 2. Nc3 Nf6 3. Bf4 a6 4. e3 c5 5. dxc5 Nc6 6. Nf3 Bg4 7.
Be2 e6 8. Na4 Bxc5 9. Nxc5 Qa5+ 10. c3 Qxc5 11. O-O O-O 12. Ne5 Bxe2 13. Qxe2 Nxe5 14. Bxe5 Nd7 15. Bg3 Rfd8 16. e4 Qc4 17. Qxc4 dxc4 18. Rad1 Nc5 19. f3 Nd3 20. Rd2 b5 21.
Bf2 f6 22. Be3 Kf7 23. g4 Rd7 24. h4 Rad8 25. a4 Ne5 26. Rxd7+ Rxd7 27. axb5 axb5 28. Bd4 Nd3 29. Ra1 e5 30. Be3 Nxb2 31. Ra8 Nd1 32. Bc5 Nxc3 33. Rf8+ Kg6 34. Kf2 Nd1+ 35. Kg3 c3 36.
Ba3 h6 37. Rh8 Ra7 38. h5+ Kf7 39. Rf8+ Ke6 40. Re8+ Kf7 41. Rf8+ Ke6 42. Re8+ Kf7 43. Rf8+ 1/2-1/2

[Event "Early-Titled-Tuesday-Blitz-August-29-2023"]
[Site "Chess.com"]
[Date "2023.08.29"]
[Round "9"]
[White "ProfessorChess101"]
[Black "supertfc"]
[Result "1-0"]
[WhiteElo "2426"]
[BlackElo "2330"]
[TimeControl "180+1"]
[EndTime "9:42:42 PDT"]
[Termination "ProfessorChess101 won on time"]

1. Nf3 d5 2. g3 Nf6 3. Bg2 Bg4 4.
O-O Nbd7 5. c4 e6 6. h3 Bxf3 7.
Bxf3 Be7 8. d4 c6 9. Nc3 O-O 10. b3 Re8 11. Bb2 a5 12. Qd3 Bd6 13. e4 e5 14. cxd5 cxd5 15. Nxd5 Nxd5 16. exd5 exd4 17.
Bxd4 Ne5 18. Qc3 Qf6 19. Bg2 Bb4 20. Qb2 Qd6 21. Rad1 Rac8 22. Qb1 Bc5 23. Qf5 Bxd4 24. Rxd4 g6 25. Qg5 Rc2 26. Qh6 1-0

[Event "Early-Titled-Tuesday-Blitz-August-29-2023"]
[Site "Chess.com"]
[Date "2023.08.29"]
[Round "9"]
[White "Aygehovit1992"]
[Black "AndreiITrifan"]
[Result "1-0"]
[WhiteElo "2745"]
[BlackElo "2572"]
[TimeControl "180+1"]
[EndTime "9:42:43 PDT"]
[Termination "Aygehovit1992 won by resignation"]

1. e4 d6 2. d4 Nf6 3. Nc3 g6 4. f4 Bg7 5. Nf3 O-O 6. e5 dxe5 7. fxe5 Nd5 8. Bc4 c6 9. O-O Na6 10. Nxd5 cxd5 11. Bb3 Nc7 12. c3 a5 13. a4 f6 14.
Be3 Be6 15. Qd2 Qd7 16. Rae1 Rfb8 17. Bh6 b5 18. Bxg7 Kxg7 19. Qf4 f5 20. Qh4 bxa4 21. Bxa4 Qd8 22. Rf2 Bg8 23. g4 e6 24.
Qg3 Qe7 25. gxf5 exf5 26. h4 Rb6 27. h5 Rab8 28. Nh4 Kh6 29. hxg6 Qg5 30. Nxf5+ Kxg6 31. Ne7+ Kh6 32. Rh2+ 1-0

[Event "Early-Titled-Tuesday-Blitz-August-29-2023"]
[Site "Chess.com"]
[Date "2023.08.29"]
[Round "9"]
[White "Fandorine"]
[Black "TanitoluwaAps116"]
[Result "1-0"]
[WhiteElo "2951"]
[BlackElo "2773"]
[TimeControl "180+1"]
[EndTime "9:42:45 PDT"]
[Termination "Fandorine won by checkmate"]

1. e4 c5 2. b4 cxb4 3. a3 b3 4. c4 Nf6 5. e5 Ne4 6. Qxb3 Nc6 7. Bb2 e6 8. Nf3 Bc5 9. d4 Qa5+ 10. Ke2 Bb6 11.
Ke3 Nxe5 12. Kxe4 Ng4 13. c5 Bxc5 14. dxc5 Qxc5 15. Kd3 Nxf2+ 16. Ke2 Nxh1 17. Bd4 Qf5 18. Qb4 b6 19. Kd2 Bb7 20. Nc3 Bxf3 21. gxf3 Qxf3 22. Be2 Qf4+ 23. Be3 Qxh2 24. Ne4 d5 25. Rxh1 Qxh1 26. Bb5+ Kd8 27. Qd6+ Kc8 28. Ba6# 1-0

[Event "Early-Titled-Tuesday-Blitz-August-29-2023"]
[Site "Chess.com"]
[Date "2023.08.29"]
[Round "9"]
[White "Roedor"]
[Black "biostatistician"]
[Result "0-1"]
[WhiteElo "2448"]
[BlackElo "2589"]
[TimeControl "180+1"]
[EndTime "9:42:45 PDT"]
[Termination "biostatistician won by checkmate"]

1. d4 Nf6 2. c4 g6 3. g3 Bg7 4. Bg2 O-O 5. Nc3 d6 6. Nf3 c6 7. O-O Qa5 8. e4 Qh5 9. Ng5 Qxd1 10. Rxd1 Nbd7 11. h3 e5 12. Be3 Re8 13. d5 h6 14. Nf3 cxd5 15. cxd5 a6 16. Rac1 b5 17. Nd2 Bb7 18. Nb3 Rac8 19. Na5 Ba8 20. a4 b4 21. Na2 Nc5 22. Bxc5 Rxc5 23. Nc6 b3 24. Nab4 a5 25. Nd3 Rxc1 26. Rxc1 Nd7 27.
Nxa5 Nb6 28. Rc3 Nxa4 29. Rxb3 f5 30. Rb4 Nc5 31. Nxc5 dxc5 32. Rb6 Kf7 33. Nc4 Rd8 34. h4 fxe4 35. Bxe4 Bxd5 36. Bxg6+ Kf8 37. Ne3 Bf3 38. Kh2 Rd2 39. g4 e4 40. Kg3 Be5+ 41. Kh3 Rxf2 42. Re6 Rh2# 0-1